 Dungeon Crawl Stone Soup version 0.29.1-15-g9cfb28693d (webtiles) character file.

Game seed: 3230477371503230079

35 protoss039 the Sneak (level 3, 0/21 HPs)
             Began as a Tengu Enchanter on Mar 25, 2023.
             Succumbed to an adder's poison
             ... on level 2 of the Dungeon.
             The game lasted 00:01:35 (1565 turns).

protoss039 the Sneak (Tengu Enchanter)              Turns: 1565, Time: 00:01:36

Health: 0/21       AC:  2    Str:  8    XL:     3   Next: 35%
Magic:  2/7        EV: 12    Int: 15    God:
Gold:   79         SH:  0    Dex: 16    Spells: 1/6 levels left

rFire   . . .      SeeInvis .   a - +1 dagger
rCold   . . .      Faith    .   (no shield)
rNeg    . . .      Spirit   .   b - +0 robe
rPois   .          Reflect  .   (helmet restricted)
rElec   .          Harm     .   (no cloak)
rCorr   .          Rampage  .   (no gloves)
Will    .....                   (boots unavailable)
Stlth   ++........              (no amulet)
HPRegen 0.07/turn               (no ring)
MPRegen 0.10/turn               (no ring)

@: lethally poisoned (0 -> -5), very slightly contaminated, invisible
A: beak, talons 3
a: no special abilities


You were on level 2 of the Dungeon.
You visited 1 branch of the dungeon, and saw 2 of its levels.

You collected 79 gold pieces.

Inventory:

Hand Weapons
 a - a +1 dagger (weapon)
Armour
 b - a +0 robe (worn)
Scrolls
 d - a scroll of immolation {unknown}
 e - 2 scrolls of identify {unknown}
 f - a scroll of butterflies {unknown}
 g - a scroll of teleportation {unknown}
 h - a scroll of summoning {unknown}
 i - 2 scrolls of enchant weapon {unknown}
 j - 3 scrolls of amnesia {unknown}
 k - a scroll of silence {unknown}
Potions
 c - a potion of invisibility


   Skills:
 * Level 1.8 Fighting
 + Level 1.4 Short Blades
 + Level 2.5 Dodging
 + Level 3.1 Stealth
 + Level 2.1 Spellcasting
 + Level 2.3 Hexes


You had one spell level left.
You knew the following spells:

 Your Spells              Type           Power      Damage    Failure   Level
a - Ensorcelled Hibernat  Hex/Ice        10%        N/A       21%         2
b - Confusing Touch       Hex            8%         N/A       26%         3

Your spell library contained the following spells:

 Spells                   Type           Power      Damage    Failure   Level
 Tukima's Dance           Hex            8%         N/A       26%         3
 Dazzling Flash           Conj/Hex       10%        N/A       38%         3


Dungeon Overview and Level Annotations

Branches:
Dungeon (2/15) Zot: 10434

Altars:


Innate Abilities, Weirdness & Mutations

You have a beak for a mouth.
You have claws for feet.


Message History

You are no longer poisoned.
The adder barely misses you.
Unknown command.
Casting: Ensorcelled Hibernation (safe; 21% risk of failure)
Confirm with . or Enter, or press ? or * to list all spells.
You don't have enough magic to cast this spell.
Unknown command.
You hit the adder. You claw the adder. Your peck misses the adder.
The adder is heavily wounded.
The adder bites you.
Unknown command.
You barely miss the adder. You claw the adder, but do no damage.
The adder is heavily wounded.
The adder bites you.
* * * LOW HITPOINT WARNING * * *
Unknown command.
You barely miss the adder. Your kick misses the adder.
The adder is heavily wounded.
The adder bites you.
* * * LOW HITPOINT WARNING * * *
You are lethally poisoned!
The adder poisons you!
Unknown command.
Casting: Ensorcelled Hibernation (safe; 21% risk of failure)
Confirm with . or Enter, or press ? or * to list all spells.
You don't have enough magic to cast this spell.
Unknown command.
Unknown command.
You fade into invisibility!
* * * LOW HITPOINT WARNING * * *
You feel sick. The adder closely misses you. The adder completely misses you.
You miss the adder. Your kick misses the adder.
You peck the adder, but do no damage.
The adder is heavily wounded.
* * * LOW HITPOINT WARNING * * *
You feel sick. The adder closely misses you.
Unknown command.
You hit the adder. Your kick misses the adder.
The adder is severely wounded.
You die...

.........<.......
.......................
...##.#.#..............
#+###.#...............
#+###>...............
......##.....##....#
.......'.....##....#
.......#.....##....#
.......#.....##.@S.#
.......#.....'.....+
.......#.....##....##..
..)....###..........#..
......................
.....#.##...........#..
.....#.##...........#...
.....#.##...........# ..
....................#


You could see an adder (unable to see you).

Vanquished Creatures
  An adder (D:2)
  3 bats (D:1)
  4 endoplasms
  A giant cockroach (D:1)
  2 hobgoblins
  2 jackals (D:1)
  4 kobolds (D:1)
  A quokka (D:1)
  A ball python (D:1)
  2 frilled lizards (D:1)
  3 goblins
  A rat (D:1)
25 creatures vanquished.

Notes
Turn   | Place    | Note
-------+----------+-------------------------------------------
     0 | D:1      | protoss039 the Tengu Enchanter began the quest for the Orb.
     0 | D:1      | Reached XP level 1. HP: 10/10 MP: 4/4
   425 | D:1      | Reached XP level 2. HP: 9/16 MP: 6/6
   581 | D:1      | Reached skill level 1 in Fighting
   860 | D:1      | Learned a level 2 spell: Ensorcelled Hibernation
  1224 | D:1      | Reached XP level 3. HP: 20/20 MP: 7/7
  1362 | D:1      | Learned a level 3 spell: Confusing Touch
  1564 | D:2      | HP: 1/21 [poisoned by an adder]
  1565 | D:2      | Succumbed to an adder's poison

Illustrated notes

Levels and vault maps discovered:
D:1:      dpeg_arrival_castle, layout_loops_ring
D:2:      minmay_inner_zag, layout_basic, chequers_ecumenical_altar_island,
          minmay_misc_feat_ornament, uniq_robin

Skill      XL: |  1  2 |
---------------+-------+-----
Fighting       | 1 |  1.8
Short Blades   | |  1.4
Dodging        | |  2.5
Stealth        | |  3.1
Spellcasting   | |  2.1
Hexes          | |  2.3

Action                   || total
-------------------------++-------
Melee: Dagger            ||    64
       Kick              ||    19
       Peck              ||     7
 Cast: Ensorcelled Hiber ||     2
  Use: Potion            ||     1
 Stab: Sleeping          ||     5
Armor: Robe              ||    14
Dodge: Dodged            ||    44
